 Dungeon Crawl Stone Soup version 0.29-a0-998-g1987434951 (webtiles) character file.

Game seed: 6199696301456002094

10 IdlyInterested the Cudgeller (level 2, -2/22 HPs)
             Began as a Demonspawn Gladiator on Aug 5, 2022.
             Slain by a kobold
             ... wielding a +0 short sword
              (4 damage)
             ... on level 2 of the Dungeon.
             The game lasted 00:01:15 (852 turns).

IdlyInterested the Cudgeller (Demonspawn Gladiator)  Turns: 852, Time: 00:01:16

Health: -2/22      AC:  3    Str: 20    XL:     2   Next: 10%
Magic:  2/2        EV: 12    Int:  9    God:
Gold:   38         SH:  0    Dex: 14    Spells: 1/1 levels left

rFire   . . .      SeeInvis .   a - +0 flail
rCold   . . .      Faith    .   (no shield)
rNeg    . . .      Spirit   .   b - +0 leather armour
rPois   .          Reflect  .   (helmet restricted)
rElec   .          Harm     .   (no cloak)
rCorr   .          Rampage  .   (no gloves)
Will    .....                   (no boots)
Stlth   +.........              (no amulet)
HPRegen 0.07/turn               i - +6 ring of strength
MPRegen 0.08/turn               (no ring)

@: no status effects
A: antennae 1
a: no special abilities


You were on level 2 of the Dungeon.
You visited 1 branch of the dungeon, and saw 2 of its levels.

You collected 38 gold pieces.

Inventory:

Hand Weapons
 a - a +0 flail (weapon)
Missiles
 d - 3 throwing nets (quivered)
 e - a javelin
 j - 5 poisoned darts
Armour
 b - a +0 leather armour (worn)
 c - a +0 helmet
Jewellery
 i - a +6 ring of strength (left hand)
Scrolls
 g - a scroll of teleportation {unknown}
Potions
 f - a potion of attraction {unknown}
 h - 2 potions of flight {unknown}


   Skills:
 - Level 2.0 Fighting
 * Level 3.1 Maces & Flails
 - Level 1.7 Throwing
 + Level 0.6 Armour
 - Level 2.6 Dodging


You had one spell level left.
You didn't know any spells.
Your spell library contained the following spells:

 Spells                   Type           Power      Damage    Failure   Level
 Apportation              Tloc           0%         N/A       43%         1


Dungeon Overview and Level Annotations

Branches:
Dungeon (2/15)

Altars:


Innate Abilities, Weirdness & Mutations

You have a pair of small antennae on your head.


Message History

The ball python bites you. The ball python constricts you.
You barely miss the ball python. The ball python misses you.
The ball python constricts you.
You barely miss the ball python. The ball python closely misses you.
The ball python constricts you. The ball python barely misses you.
The ball python constricts you.
You closely miss the ball python. The ball python barely misses you.
The ball python constricts you.
The endoplasm jiggles.
You closely miss the ball python. You punch the ball python.
You kill the ball python!
The kobold throws a stone.
The stone barely misses you.
You hit the endoplasm.
The endoplasm is almost dead.
The endoplasm hits you but does no damage.
You completely miss the endoplasm.
The endoplasm is almost dead.
The endoplasm freezes you.
You are frozen.
* * * LOW HITPOINT WARNING * * *
The endoplasm closely misses you.
You thump the endoplasm!
You kill the endoplasm!
The kobold throws a stone.
The stone barely misses you. The kobold hits you but does no damage.
There is a stone staircase leading up here.
Things that are here:
a ball python corpse; a hobgoblin corpse You hit the kobold.
The kobold is moderately wounded.
The kobold barely misses you.
You miss the kobold.
The kobold is moderately wounded.
The kobold barely misses you.
You closely miss the kobold.
The kobold is moderately wounded.
The kobold hits you with a +0 short sword.
* * * LOW HITPOINT WARNING * * *
The kobold hits you with a +0 short sword.
You die...

#.# ### #.. ....
.# #[# ... .. .K.
..# #. #.# #.# #.
#.##.#
#.#.#.####.###.
#...K@........
#....#.######.###.
#..###..# . ....#
#.#.## #...# ##.#
.


You could see a kobold.

Vanquished Creatures
  An endoplasm (D:2)
  A giant cockroach (D:1)
  A goblin (D:1)
  2 hobgoblins
  A quokka (D:1)
  A ball python (D:2)
  A frilled lizard (D:1)
  A rat (D:2)
9 creatures vanquished.

Notes
Turn   | Place    | Note
-------+----------+-------------------------------------------
     0 | D:1      | IdlyInterested the Demonspawn Gladiator began the quest for
                  | the Orb.
     0 | D:1      | Reached XP level 1. HP: 16/16 MP: 1/1
   218 | D:1      | Found a faded altar of an unknown god.
   227 | D:1      | Got Plato's Omnibus of the Traveller
   289 | D:1      | Reached skill level 3 in Maces & Flails
   839 | D:2      | Gained mutation: You have a pair of small antennae on your
                  | head. [demonic ancestry]
   839 | D:2      | Reached XP level 2. HP: 9/22 MP: 2/2
   852 | D:2      | Slain by a kobold

Illustrated notes

Levels and vault maps discovered:
D:1:      arrival_zaba_pyramid, layout_loops_ring,
          shapermc_ecumenical_altar_rom_forum, serial_park_tiny_2
D:2:      layout_loops_ring, minmay_tetromino_i2

Skill      XL: |  1 |
---------------+----+-----
Maces & Flails | 3 |  3.1
Fighting       | |  2.0
Throwing       | |  1.7
Armour         | |  0.6
Dodging        | |  2.6

Action                   || total
-------------------------++-------
Melee: Flail             ||    34
       Punch             ||     1
Armor: Leather armour    ||     9
Dodge: Dodged            ||    26

Table legend: (Time is in decaauts)
 A = Elapsed time spent in this place.
 B = Non-inter-level travel time spent in this place.
 C = Inter-level travel time spent in this place.
 D = Time resting spent in this place.
 E = Time spent auto-exploring this place.
 F = Levels seen in this place.
 G = Mean time per level.
                   A        B        C        D        E       F      G
               +--------+--------+--------+--------+--------+-----+--------+
         Total |    860 |    737 |    123 |     62 |    574 |   2 |  430.0 |
       Dungeon |    860 |    737 |    123 |     62 |    574 |   2 |  430.0 |
               +--------+--------+--------+--------+--------+-----+--------+

Top non-repeatable levels by time:
     D:1: 815 daAuts
     D:2: 44 daAuts
